 Dungeon Crawl Stone Soup version 0.29.1-15-g9cfb28693d (webtiles) character file.

Game seed: 13040029768157407178

39 QwertyIsDirtey the Poker (level 3, 0/33 HPs)
             Began as a Minotaur Berserker on Mar 24, 2023.
             Was a Believer of Trog.
             Succumbed to a gnoll's poison
             ... on level 2 of the Dungeon.
             The game lasted 00:04:24 (674 turns).

QwertyIsDirtey the Poker (Minotaur Berserker)        Turns: 674, Time: 00:04:24

Health: 0/33       AC:  9    Str: 23    XL:     3   Next: 26%
Magic:  2/2        EV: 11    Int:  4    God:    Trog [**....]
Gold:   64         SH:  0    Dex:  9    Spells: 2/2 levels left

rFire   . . .      SeeInvis .   g - +0 dagger (drain)
rCold   . . .      Faith    .   (no shield)
rNeg    . . .      Spirit   .   l - +0 ring mail
rPois   .          Reflect  .   (helmet restricted)
rElec   .          Harm     .   (no cloak)
rCorr   .          Rampage  .   (no gloves)
Will    .....                   (no boots)
Stlth   ..........              (no amulet)
HPRegen 0.11/turn               e - +4 ring of protection
MPRegen 0.08/turn               (no ring)

@: lethally poisoned (0 -> -9)
A: horns 2, retaliatory headbutt
a: Renounce Religion, Berserk, Trog's Hand


You were on level 2 of the Dungeon.
You worshipped Trog.
Trog was pleased with you.
You visited 1 branch of the dungeon, and saw 2 of its levels.

You collected 64 gold pieces.

Inventory:

Hand Weapons
 a - a +0 spear
 b - a +0 mace
 g - a +0 dagger of draining (weapon)
Missiles
 h - 9 poisoned darts (quivered)
Armour
 l - a +0 ring mail (worn)
Jewellery
 e - a +4 ring of protection (left hand)
Scrolls
 f - a scroll of enchant armour {unknown}
 k - a scroll of identify {unknown}
 o - a scroll of noise {unknown}
Potions
 c - a potion of lignification {unknown}
 d - a potion of mutation {unknown}
 i - a potion of might {unknown}
 j - a potion of brilliance {unknown}


   Skills:
 + Level 4.2 Fighting
 + Level 4.4 Polearms
 + Level 2.7 Armour
 + Level 2.5 Dodging


You had 2 spell levels left.
You didn't know any spells.
Your spell library was empty.

Dungeon Overview and Level Annotations

Branches:
Dungeon (2/15)

Altars:


Innate Abilities, Weirdness & Mutations

You have a pair of horns on your head.
You reflexively headbutt those who attack you in melee.


Message History

The gnoll is almost dead.
The gnoll closely misses you.
You hit the gnoll.
You kill the gnoll!
Trog accepts your kill.
You see here a +0 whip.
A gnoll comes into view. It is wielding a +0 halberd of venom.
The gnoll shouts!
You hear a shout!
A gnoll comes into view. It is wielding a +0 flail.
The gnoll shouts!
You hear a shout!
A gnoll comes into view. It is wielding a +2 vorpal flail.
An adder comes into view.
The adder hisses angrily.
The gnoll hits you with a +0 halberd of venom.
You are poisoned.
You feel very sick. The gnoll closely misses you.
You closely miss the gnoll. You headbutt the gnoll!
The gnoll is severely wounded.
You feel very sick.
A kobold comes into view. It is wielding a +0 short sword.
You feel sick.
The kobold shouts!
The gnoll completely misses you.
The gnoll hits you with a +2 vorpal flail.
* * * LOW HITPOINT WARNING * * *
The gnoll hits you with a +0 halberd of venom.
* * * LOW HITPOINT WARNING * * *
You are lethally poisoned!
* * * LOW HITPOINT WARNING * * *
You feel very sick. The gnoll hits you but does no damage.
The gnoll closely misses you. The gnoll attacks as you move away!
The gnoll closely misses you.
* * * LOW HITPOINT WARNING * * *
You feel very sick. The gnoll barely misses you.
The gnoll attacks as you move away! The gnoll closely misses you.
You furiously retaliate!
You headbutt the gnoll, but do no damage.
You die...

♣♣♣# ###...#### .~.
### #...## .K.
..#####.#.#
#.####...##..#.###
#..S..##.........###
#g....###.##......
#gg.#...........#.
#.#..####.##..#...
#@.#.)#...###.....
##....(.### ####..
###...## ##. #.#.#
#. #...># ## #....#
# #.#..# ### ..#..#
###.† .###..# #...#


You could see 3 gnolls and an adder.

Vanquished Creatures
  A gnoll (D:2)
  A worm (D:2)
  4 bats (D:1)
  An endoplasm (D:2)
  3 goblins (D:1)
  5 hobgoblins
  3 kobolds
  A quokka (D:1)
  3 ball pythons (D:1)
  A frilled lizard (D:1)
  2 rats (D:1)
25 creatures vanquished.

Vanquished Creatures (others)
  9 plants (D:2)
9 creatures vanquished.

Grand Total: 34 creatures vanquished

Notes
Turn   | Place    | Note
-------+----------+-------------------------------------------
     0 | D:1      | QwertyIsDirtey the Minotaur Berserker began the quest for
                  | the Orb.
     0 | D:1      | Reached XP level 1. HP: 19/19 MP: 0/0
   131 | D:1      | Reached XP level 2. HP: 22/27 MP: 1/1
   237 | D:1      | Found a faded altar of an unknown god.
   521 | D:2      | Reached ** piety under Trog
   554 | D:2      | Reached XP level 3. HP: 27/33 MP: 2/2
   674 | D:2      | Succumbed to a gnoll's poison

Illustrated notes

Levels and vault maps discovered:
D:1:      lightli_molten_gateway, layout_rooms,
          hellmonk_ecumenical_altar_inner_sanctum
D:2:      layout_rooms, serial_bayou_crossing

Skill      XL: |  1  2 |
---------------+-------+-----
Polearms       | 4 |  4.4
Fighting       | 4 |  4.2
Armour         | |  2.7
Dodging        | |  2.5

Action                   || total
-------------------------++-------
Melee: Spear             ||    61
       Headbutt          ||     9
       Punch             ||     1
       Dagger            ||     7
Armor: Leather armour    ||    10
       Ring mail         ||    16
Dodge: Dodged            ||    64
